 Dungeon Crawl Stone Soup version 0.20-a0-350-ga83eecc (webtiles) character file.

15996 Deathtrap2010 the Carver (level 12, -5/111 HPs)
             Began as a Minotaur Chaos Knight on Dec 24, 2016.
             Slain by an orc warrior
             ... wielding a +0 glaive
              (8 damage)
             ... on level 2 of the Orcish Mines.
             The game lasted 01:10:19 (10109 turns).

Deathtrap2010 the Carver (Minotaur Chaos Knight)   Turns: 10109, Time: 01:10:21

Health: -5/111     AC: 23    Str: 25    XL:     12   Next: 6%
Magic:  0/12       EV: 10    Int:  9    God:    Xom [....*.]
Gold:   1095       SH:  0    Dex: 12    Spells: 11/11 levels left

rFire  . . .     SeeInvis .     G - +0 great sword
rCold  + . .     Gourm    .     A - +2 plate armour
rNeg   + . .     Faith    .     (shield currently unavailable)
rPois  .         Spirit   +     (helmet unavailable)
rElec  +         Reflect  .     n - +1 cloak
rCorr  .         Harm     .     u - +0 pair of gloves
MR     .....     Clarity  +     w - +1 pair of boots {Stlth+}
Stlth  ..........               t - amulet of guardian spirit
                                C - ring "Ifilisir" {rElec rN+}
                                c - ring of protection from cold

@: mighty
A: retaliatory headbutt, horns 3, molten scales 1, thin skeletal structure 1,
clarity, clumsy 1, deterioration 1, high mp 1, robust 1
a: Renounce Religion


You were on level 2 of the Orcish Mines.
You worshipped Xom.
You were a beloved toy of Xom.
You were not hungry.

You visited 3 branches of the dungeon, and saw 15 of its levels.

You collected 1130 gold pieces.
You spent 35 gold pieces at shops.

Inventory:

Hand Weapons
 a - a +0 short sword of chaos
 j - a +0 hunting sling
 k - a +0 blowgun
 p - a +2 scimitar of holy wrath
 x - a +0 bardiche
 B - a +2 shortbow of flaming
 G - a +0 great sword (weapon)
Missiles
 f - 184 arrows
Armour
 e - a +2 large shield
 n - a +1 cloak (worn)
 u - a +0 pair of gloves (worn)
 w - a +1 pair of boots of stealth (worn)
 A - a +2 plate armour (worn)
Jewellery
 c - a ring of protection from cold (left hand)
 q - an uncursed ring of wizardry
 t - an amulet of guardian spirit (around neck)
 C - the ring "Ifilisir" (right hand) {rElec rN+}
   (You found it on level 8 of the Dungeon)

   [ring of positive energy]

   It insulates you from electricity.
   It protects you from negative energy.
Wands
 b - a wand of disintegration (19/24)
 s - a wand of acid (6/15)
 y - a wand of digging (9/24)
 D - a wand of confusion (28/48)
Scrolls
 m - 4 scrolls of remove curse
 v - a scroll of amnesia
 E - a scroll of recharging
 H - a scroll of identify
Potions
 d - 4 potions of flight
 r - 2 potions of curing
Books
 o - a book of Minor Magic

   Spells                             Type                      Level
   a - Magic Dart                     Conjuration                  1
   b - Blink                          Translocation                2
   c - Call Imp                       Summoning                    2
   d - Repel Missiles                 Charms/Air                   2
   e - Slow                           Hexes                        2
   f - Conjure Flame                  Conjuration/Fire             3
   g - Mephitic Cloud                 Conjuration/Poison/Air       3
 F - a book of Debilitation

   Spells                             Type                      Level
   a - Corona                         Hexes                        1
   b - Slow                           Hexes                        2
   c - Gell's Gravitas                Hexes/Translocation          3
   d - Inner Flame                    Hexes/Fire                   3
   e - Cause Fear                     Hexes                        4
   f - Leda's Liquefaction            Hexes/Earth                  4
 K - a book of Party Tricks

   Spells                             Type                      Level
   a - Summon Butterflies             Summoning                    1
   b - Apportation                    Translocation                1
   c - Lesser Beckoning               Translocation                3
   d - Tukima's Dance                 Hexes                        3
   e - Alistair's Intoxication        Transmutation/Poison         5
   f - Invisibility                   Hexes                        6
Comestibles
 g - 3 bread rations
 h - a slice of pizza
 i - 6 meat rations
 I - 22 royal jellies
 J - 6 beef jerkies


   Skills:
 + Level 8.1 Fighting
 - Level 6.4(10.3) Short Blades
 * Level 13.4(14.0) Long Blades
 * Level 7.4 Throwing
 + Level 7.5 Armour
 * Level 7.2 Dodging
 + Level 1.6 Stealth
 - Level 9.1 Shields


You had 11 spell levels left.
You didn't know any spells.

Dungeon Overview and Level Annotations

Branches:
Dungeon (11/15)              Lair (2/6) D:9             Orc (2/2) D:11
 Temple: D:4-7        Swamp: Lair:2-4    Shoals: Lair:2-4     Snake: Lair:2-4
 Spider: Lair:2-4       Elf: Orc:2

Altars:
Ashenzari
Cheibriados
Elyvilon
Fedhas
Kikubaaqudgha
Makhleb
Nemelex Xobeh
Ru
Sif Muna
Trog
Xom

Shops:
D:9 *   Orc:1 *   Orc:2 (


Innate Abilities, Weirdness & Mutations

You reflexively headbutt those who attack you in melee.
You have a pair of large horns on your head.
You are partially covered in molten scales. (AC +2)
You have a somewhat thin skeletal structure. (Dex +2, Stealth)
You possess an exceptional clarity of mind.
You are clumsy. (Dex -2)
Your body sometimes deteriorates upon taking damage.
You have an increased reservoir of magic. (+10% MP)
You are robust. (+10% HP)


Message History

The orc warrior closely misses you.
The orc sorcerer gestures at you while chanting.
You resist with some effort.
The orc warrior hits you from afar with a glaive.
* * * LOW HITPOINT WARNING * * *
A warg comes into view.
The warg howls!
You slice the orc sorcerer!! Your headbutt misses the orc sorcerer.
The orc sorcerer is almost dead.
The orc warrior hits you with a battleaxe!
* * * LOW HITPOINT WARNING * * *
Xom thinks this is hilarious!
The orc sorcerer hits you but does no damage.
The orc warrior closely misses you.
The orc warrior hits you with a dire flail.
* * * LOW HITPOINT WARNING * * *
The orc warrior hits you but does no damage.
The orc warrior hits you from afar with a glaive!
You die...
Xom is highly amused!

o......
O......
....... .....
)§..... ....
.. .h..
4..$...
.....$. ...
.......
.....#.##..#
.......
........P..#
......$
.........P.#
.......
......o....##
.......
..PP.3o@...P#
.......
....8.ooo...#
.......
......∩o....#
.......
............#
.......
.P..........#
.
...........##
.
.......P...#
.......P....
.


You could see a ynoxinul, a warg, an orc sorcerer and 5 orc warriors.

Vanquished Creatures
  The ghost of jejorda2 the Grappler, a journeyman TrMo of Hepliaklqana (Lair:1)
  2 two-headed ogres
  An ugly thing (D:11)
  2 cyclopes
  The ghost of Bigslacks the Ducker, a novice OpAs of Cheibriados (D:7)
  A black mamba (Lair:2)
  2 komodo dragons
  3 trolls
  Prince Ribbit (D:7)
  3 hornets (D:9)
  A hippogriff (D:11)
  3 yaks (D:10)
  A vampire (D:7)
  A hungry ghost (D:11)
  4 vampire mosquitoes (D:10)
  An acid dragon (D:11)
  2 porcupines (Lair:2)
  A black bear (D:10)
  15 orc warriors
  7 ice beasts
  A sky beast (D:9)
  2 phantoms
  4 ogres
  7 centaurs
  A crocodile (Lair:2)
  2 big kobolds (D:11)
  12 bullfrogs
  A wyvern skeleton (D:11)
  4 scorpions
  4 killer bees (D:10)
  A howler monkey (D:2)
  9 wights (D:9)
  3 electric eels (D:10)
  2 jellies
  2 lava snakes (D:10)
  A centaur zombie (D:7)
  3 bullfrog zombies
  A bullfrog skeleton (D:7)
  4 centaur skeletons
  15 orc priests
  10 hounds
  5 iguanas
  20 orc wizards
  13 worker ants
  3 gnolls
  12 adders
  4 shadow imps
  An ooze (D:2)
  2 worms
  A dart slug (D:2)
  A dart slug (shapeshifter) (D:1)
  9 leopard geckos
  72 orcs
  3 giant cockroaches (D:2)
  8 goblins
  7 hobgoblins
  11 jackals
  6 quokkas
  2 ball pythons
  8 bats
  3 frilled lizards
  16 kobolds
  A leopard gecko zombie (D:5)
  7 rats
  A fungus (Lair:2)
  13 plants
  A withered plant (D:9)
372 creatures vanquished.

Vanquished Creatures (collateral kills)
  2 orc warriors
  2 ogres (Orc:1)
  A crimson imp (D:5)
  An orc wizard (D:5)
  3 orcs
9 creatures vanquished.

Vanquished Creatures (others)
  A kobold (D:1)
  2 fungi
  4 plants (D:2)
7 creatures vanquished.

Grand Total: 388 creatures vanquished

Notes
Turn   | Place    | Note
-------+----------+-------------------------------------------
     0 | D:1      | Deathtrap2010 the Minotaur Chaos Knight began the quest for the Orb.
     0 | D:1      | Reached XP level 1. HP: 19/19 MP: 0/0
    19 | D:1      | XOM: silly message
   114 | D:1      | XOM: potion effect (invisibility)
   284 | D:1      | Reached XP level 2. HP: 24/27 MP: 1/1
   536 | D:1      | XOM: harmless Hex miscast
   608 | D:1      | XOM: harmless Summ miscast
   747 | D:2      | Reached XP level 3. HP: 32/33 MP: 2/2
   748 | D:2      | Found a shattered altar of Ashenzari.
   765 | D:2      | XOM: 1-stop teleportation journey
   788 | D:2      | Reached XP level 4. HP: 36/41 MP: 3/3
  1060 | D:2      | Gained mutation: Your flesh is heat resistant. (rF+) [potion of mutation]
  1060 | D:2      | Gained mutation: Your muscles are strong. (Str +2) [potion of mutation]
  1060 | D:2      | Gained mutation: Your flesh is cold resistant. (rC+) [potion of mutation]
  1061 | D:2      | Gained mutation: You evolve. [potion of mutation]
  1061 | D:2      | Gained mutation: Your muscles are very strong. (Str +4) [potion of mutation]
  1061 | D:2      | Gained mutation: You are agile. (Dex +2) [potion of mutation]
  1128 | D:2      | Reached XP level 5. HP: 37/47 MP: 4/4
  1214 | D:2      | XOM: severe Tmut miscast
  1214 | D:2      | Lost mutation: You are agile. (Dex +2) [the severe capriciousness of Xom]
  1302 | D:2      | Gained mutation: You can translocate small distances at will. [evolution]
  1733 | D:3      | Reached skill level 1 in Throwing
  1807 | D:3      | Found a deep blue altar of Sif Muna.
  1809 | D:3      | Found a sacrificial altar of Ru.
  1809 | D:3      | Found a shimmering altar of Xom.
  1811 | D:3      | Found a snail-covered altar of Cheibriados.
  1987 | D:3      | XOM: give mutations
  1987 | D:3      | Gained mutation: You are robust. (+10% HP) [Xom's mischief]
  1987 | D:3      | Lost mutation: Your flesh is heat resistant. (rF+) [Xom's mischief]
  1987 | D:3      | Gained mutation: You have very sharp teeth. [Xom's mischief]
  1987 | D:3      | Gained mutation: Your body sometimes deteriorates upon taking damage. [Xom's mischief]
  2016 | D:3      | Reached skill level 5 in Short Blades
  2083 | D:3      | XOM: mild Air miscast
  2218 | D:3      | Reached skill level 1 in Shields
  2300 | D:3      | You fall through a shaft for 3 floors!
  2422 | D:6      | XOM: harmless Hex miscast
  2457 | D:6      | XOM: silly message
  2526 | D:6      | XOM: silly message
  2575 | D:6      | Noticed an orc warrior
  2581 | D:6      | Reached XP level 6. HP: 32/60 MP: 5/5
  2581 | D:6      | XOM: potion effect (heal wounds)
  2582 | D:6      | XOM: confuse monster(s)
  2603 | D:6      | Killed an orc warrior
  2603 | D:6      | Reached skill level 5 in Fighting
  2761 | D:6      | XOM: give mutations
  2761 | D:6      | Gained mutation: Your natural rate of healing is unusually fast. [Xom's grace]
  2761 | D:6      | Gained mutation: You have large cloven feet. [Xom's grace]
  2761 | D:6      | Gained mutation: You are partially covered in molten scales. (AC +2) [Xom's grace]
  2761 | D:6      | Gained mutation: You have a somewhat thin skeletal structure. (Dex +2, Stealth) [Xom's grace]
  2766 | D:6      | Found a bloodstained altar of Trog.
  2793 | D:6      | Reached XP level 7. HP: 67/67 MP: 6/6
  2947 | D:5      | Entered Level 5 of the Dungeon
  2947 | D:5      | XOM: enchant monster (good)
  2987 | D:5      | Reached skill level 1 in Long Blades
  3142 | D:5      | Reached skill level 2 in Long Blades
  3142 | D:5      | Reached XP level 8. HP: 74/74 MP: 7/7
  3163 | D:5      | XOM: 2-stop teleportation journey
  3187 | D:5      | XOM: summons 5 friendly demons
  3356 | D:5      | Reached skill level 3 in Long Blades
  3383 | D:5      | Reached skill level 5 in Shields
  3390 | D:5      | Reached skill level 4 in Long Blades
  3410 | D:5      | XOM: swap monsters
  3427 | D:5      | Reached skill level 5 in Long Blades
  3710 | D:5      | XOM: divination: magic mapping
  3713 | D:5      | Reached skill level 6 in Long Blades
  3934 | D:5      | XOM: noise
  4020 | D:5      | XOM: harmless Conj miscast
  4158 | D:5      | Reached XP level 9. HP: 69/81 MP: 8/8
  4165 | D:5      | XOM: divination: detect items
  4211 | D:4      | XOM: enchant monster (good)
  4238 | D:4      | Found a blossoming altar of Fedhas.
  4377 | D:4      | Found a white marble altar of Elyvilon.
  4670 | D:6      | Lost mutation: Your flesh is cold resistant. (rC+) [evolution]
  4704 | D:7      | Noticed Prince Ribbit
  4719 | D:7      | Killed Prince Ribbit
  4719 | D:7      | Reached skill level 7 in Long Blades
  4779 | D:7      | XOM: silly message
  4780 | D:7      | XOM: enchant monster (good)
  5063 | D:7      | XOM: enchant monster (good)
  5065 | D:7      | XOM: enchant monster (bad)
  5168 | D:7      | Reached skill level 8 in Long Blades
  5169 | D:7      | XOM: harmless Necr miscast
  5243 | D:7      | Noticed Bigslacks's ghost (novice OpAs)
  5245 | D:7      | XOM: confuse monster(s)
  5250 | D:7      | XOM: harmless Ice miscast
  5260 | D:7      | Killed Bigslacks's ghost
  5260 | D:7      | Reached skill level 5 in Throwing
  5260 | D:7      | Reached skill level 1 in Stealth
  5476 | D:7      | Reached skill level 5 in Armour
  5680 | D:8      | Noticed a two-headed ogre
  5683 | D:8      | XOM: harmless Necr miscast
  5686 | D:8      | XOM: divination: magic mapping
  5695 | D:8      | Killed a two-headed ogre
  5695 | D:8      | Reached skill level 9 in Long Blades
  5695 | D:8      | Reached XP level 10. HP: 59/91 MP: 9/9
  5888 | D:8      | XOM: confusion (+ monsters)
  5954 | D:8      | XOM: cloud trail
  5964 | D:8      | Got a sparkling silver ring
  5965 | D:8      | Identified the ring "Ifilisir" {rElec rN+} (You found it on level 8 of the Dungeon)
  5999 | D:8      | XOM: potion effect (brilliance)
  6213 | D:8      | XOM: divination: detect items
  6466 | D:9      | Reached skill level 5 in Dodging
  6468 | D:9      | Found an ancient bone altar of Kikubaaqudgha.
  6531 | D:9      | Noticed a two-headed ogre
  6540 | D:9      | Killed a two-headed ogre
  6589 | D:9      | Found a burning altar of Makhleb.
  6629 | D:9      | XOM: medium Erth miscast
  6773 | D:9      | Reached skill level 10 in Long Blades
  6776 | D:9      | Paralysed by a hornet for 2 turns
  6816 | D:9      | XOM: harmless Tmut miscast
  6893 | D:9      | XOM: summons 5 hostile demons
  6992 | D:9      | Gained mutation: You have an increased reservoir of magic. (+10% MP) [evolution]
  7195 | D:9      | Found a staircase to the Lair.
  7206 | Lair:1   | Entered Level 1 of the Lair of Beasts
  7206 | Lair:1   | Noticed jejorda2's ghost (journeyman TrMo)
  7209 | Lair:1   | XOM: cleaving
  7236 | Lair:1   | XOM: divination: detect items
  7247 | Lair:1   | Killed jejorda2's ghost
  7247 | Lair:1   | Reached XP level 11. HP: 47/101 MP: 8/11
  7285 | Lair:1   | You fall through a shaft!
  7317 | Lair:2   | XOM: give mutations
  7317 | Lair:2   | Gained mutation: You possess an exceptional clarity of mind. [Xom's grace]
  7317 | Lair:2   | Gained mutation: You are partially covered in slimy green scales. (AC +2) [Xom's grace]
  7317 | Lair:2   | Gained mutation: You have a pair of large horns on your head. [Xom's grace]
  7332 | Lair:2   | XOM: swap monsters
  7437 | Lair:2   | XOM: divination: magic mapping
  7438 | Lair:2   | XOM: noise
  7439 | Lair:2   | Reached skill level 11 in Long Blades
  7449 | Lair:2   | Noticed a six-headed hydra
  7451 | Lair:2   | XOM: summons 5 hostile demons
  7452 | Lair:2   | XOM: silly message
  7553 | D:9      | Found Fuaqonos's Changing Room.
  7572 | D:9      | Gained mutation: You are dopey. (Int -2) [mutagenic glow]
  7574 | D:9      | Bought a potion of mutation for 35 gold pieces
  7611 | D:9      | Lost mutation: Your muscles are very strong. (Str +4) [mutagenic glow]
  7635 | D:10     | Entered Level 10 of the Dungeon
  7663 | D:10     | Gained mutation: Armour fits poorly on your strangely shaped body. [mutagenic glow]
  7667 | D:10     | XOM: blink monster(s)
  7801 | D:10     | XOM: mild Necr miscast
  7826 | D:10     | XOM: fog
  7836 | D:10     | XOM: summons 8 friendly demons
  7871 | D:10     | XOM: divination: detect creatures
  7948 | D:10     | XOM: harmless Tmut miscast
  7957 | D:10     | XOM: potion effect (heal wounds)
  8008 | D:10     | Lost mutation: You can translocate small distances at will. [potion of cure mutation]
  8008 | D:10     | Lost mutation: You evolve. [potion of cure mutation]
  8008 | D:10     | Lost mutation: You have very sharp teeth. [potion of cure mutation]
  8008 | D:10     | Lost mutation: You are dopey. (Int -2) [potion of cure mutation]
  8010 | D:10     | HP: 4/101 [orc priest/divine providence (7)]
  8012 | D:10     | Xom revived you
  8145 | D:10     | XOM: 2-stop teleportation journey
  8219 | D:10     | XOM: fog
  8314 | D:11     | Reached skill level 12 in Long Blades
  8368 | D:11     | Noticed a red ugly thing
  8376 | D:11     | Killed a red ugly thing
  8394 | D:11     | XOM: god gift: 15 royal jellies
  8478 | D:11     | Lost mutation: Your natural rate of healing is unusually fast. [potion of mutation]
  8478 | D:11     | Gained mutation: You are clumsy. (Dex -2) [potion of mutation]
  8557 | D:11     | XOM: god gift: bardiche {god gift}
  8594 | D:11     | XOM: scenery: create altars
  8596 | D:11     | XOM: scenery: create altars
  8598 | D:11     | Lost mutation: You have large cloven feet. [potion of cure mutation]
  8598 | D:11     | Lost mutation: Armour fits poorly on your strangely shaped body. [potion of cure mutation]
  8598 | D:11     | Lost mutation: You are partially covered in slimy green scales. (AC +2) [potion of cure mutation]
  8598 | D:11     | Lost mutation: Your muscles are strong. (Str +2) [potion of cure mutation]
  8678 | D:11     | XOM: cast spell 'Disjunction'
  8692 | D:11     | XOM: potion effect (berserk rage)
  8749 | D:11     | Found a sparkling altar of Nemelex Xobeh.
  9007 | D:11     | XOM: fog
  9043 | D:11     | XOM: god gift: blowgun {god gift}
  9082 | D:11     | XOM: polymorph orc warrior -> worker ant
  9114 | D:11     | Reached skill level 13 in Long Blades
  9142 | D:11     | Found a staircase to the Orcish Mines.
  9203 | D:11     | XOM: harmless Hex miscast
  9291 | Orc:1    | Entered Level 1 of the Orcish Mines
  9291 | Orc:1    | Found Ydghink's Assorted Antiques.
  9555 | D:11     | XOM: god gift: 55 gold pieces
  9585 | Orc:1    | XOM: 2-stop teleportation journey
  9836 | Orc:1    | Reached XP level 12. HP: 64/111 MP: 10/12
 10080 | Orc:2    | Entered Level 2 of the Orcish Mines
 10087 | Orc:2    | XOM: enchant monster (good)
 10095 | Orc:2    | XOM: fog
 10101 | Orc:2    | Paralysed by an orc sorcerer for 3 turns
 10102 | Orc:2    | Found a burning altar of Makhleb.
 10102 | Orc:2    | Found Goag's Antique Weapon Shoppe.
 10102 | Orc:2    | XOM: 3-stop teleportation journey
 10105 | Orc:2    | XOM: fake destruction
 10109 | Orc:2    | HP: 3/111 [orc warrior/dire flail (3)]
 10109 | Orc:2    | Slain by an orc warrior

Vault maps used:
D:1:      kennysheep_arrival_seaside
D:2:      wad_woods_stonehenge, first_bread, minmay_tetromino_s4
D:3:      chequers_temple_overflow_statue_of_worship
D:4:      nicolae_overflow_crystal_walls, kennysheep_mini
D:5:      kennysheep_windowed_halls
D:6:      corexii_corridor_pit, bloody_trog
D:7:      uniq_prince_ribbit1
D:8:      hangedman_decor_slide_cut
D:9:      old_forge, kiku_gazebo_garden_becter, lemuel_coloured_pillars_altar,
          lair_entry_dummy, hangedman_pestilent_swarm,
          nicolae_transmutations_shop
D:11:     hiddenorc1_lemuel, basic_altar
Orc:1:    serial_shops, shop, nicolae_shop_crystal
Orc:2:    grunt_orc_gardens, grunt_orc_garden, grunt_orc_garden,
          grunt_orc_garden, grunt_orc_garden, bloody_makhleb

Skill      XL: |  1  2  3  4  5  6  7  8  9 10 11 |
---------------+----------------------------------+-----
Fighting       | 4 5 6 7 8 |  8.1
Short Blades   | 4 5 6 |  6.4
Armour         | 3 4 5 6 7 |  7.5
Dodging        | 2 3 4 5 7 |  7.2
Throwing       | 1 2 3 4 5 6 7 |  7.4
Shields        | 1 3 4 6 8 9 |  9.1
Long Blades    | 2 6 9 10 13 | 13.4
Stealth        | 1 |  1.6

Action                   |  1- 3 |  4- 6 |  7- 9 | 10-12 || total
-------------------------+-------+-------+-------+-------++-------
Melee: Short sword       |   120 |   270 |       |       ||   390
       Headbutt          |    32 |    82 |    72 |   136 ||   322
       Bite              |       |     4 |    36 |    40 ||    80
       Scimitar          |       |    14 |   299 |    97 ||   410
       Kick              |       |     2 |    41 |       ||    43
       Great sword       |       |       |       |   462 ||   462
Throw: Stone             |    14 |    29 |    10 |       ||    53
       Throwing net      |       |       |       |     1 ||     1
 Abil: Blink             |       |     2 |       |       ||     2
Evoke: Wand              |       |       |       |     2 ||     2
  Use: Potion            |     2 |     5 |     1 |    14 ||    22
       Scroll            |     1 |     6 |     7 |    11 ||    25
 Stab: Petrified         |       |     1 |       |       ||     1
       Paralysed         |       |       |     6 |       ||     6
       Distracted        |       |       |     2 |       ||     2
       Confused          |       |       |     3 |     1 ||     4
       Petrifying        |       |       |     1 |     1 ||     2
  Eat: Bread ration      |       |     2 |     1 |     2 ||     5
       Meat ration       |       |       |     1 |       ||     1
       Beef jerky        |       |       |       |     3 ||     3
       Royal jelly       |       |       |       |     2 ||     2
Armor: Leather armour    |    26 |    24 |       |       ||    50
       Ring mail         |       |    34 |       |       ||    34
       Chain mail        |       |     8 |   151 |       ||   159
       Plate armour      |       |       |     3 |   568 ||   571
Dodge: Dodged            |    59 |    83 |    59 |   367 ||   568
Block: Large shield      |       |    96 |   364 |    84 ||   544
       Rpst.: Scimitar   |       |     1 |     8 |     3 ||    12
       Great sword       |       |       |       |    91 ||    91
